 Dungeon Crawl Stone Soup version 0.22-a0-799-g88f5e90 (webtiles) character file.

3018 Hebeh the Thaumaturge (level 9, 0/45 HPs)
             Began as a Deep Elf Conjurer on July 21, 2018.
             Was a Follower of Vehumet.
             Succumbed to a killer bee's poison
             ... on level 8 of the Dungeon.
             The game lasted 00:42:25 (11962 turns).

Hebeh the Thaumaturge (Deep Elf Conjurer)          Turns: 11962, Time: 00:42:26

Health: 0/45       AC:  3    Str:  5    XL:     9   Next: 55%
Magic:  26/26      EV: 13    Int: 24    God:    Vehumet [*.....]
Gold:   481        SH:  0    Dex: 15    Spells: 19/30 levels left

rFire    . . .     SeeInvis .   b - +1 hunting sling (freeze)
rCold    . . .     Gourm    .   (no shield)
rNeg     . . .     Faith    .   d - +0 robe
rPois    .         Spirit   .   (no helmet)
rElec    .         Reflect  .   m - +0 cloak
rCorr    .         Harm     .   (no gloves)
MR       .....                  (no boots)
Stlth    ++........             (no amulet)
HPRegen  0.15/turn              (no ring)
MPRegen  0.20/turn              (no ring)

@: lethally poisoned (0 -> -13)
A: no striking features
a: Renounce Religion


You were on level 8 of the Dungeon.
You worshipped Vehumet.
Vehumet was aware of your devotion.
You were not hungry.

You visited 2 branches of the dungeon, and saw 10 of its levels.

You collected 481 gold pieces.

Inventory:

Hand Weapons
 a - a +0 dagger
 b - a +1 hunting sling of freezing (weapon)
 s - a +0 mace of protection
 t - a +1 dagger of draining
 u - a +0 mace of protection
 G - a cursed -3 spear
Missiles
 h - 73 sling bullets (quivered)
 k - 138 arrows
Armour
 d - a +0 robe (worn)
 m - a +0 cloak (worn)
Jewellery
 B - an uncursed ring of protection from fire {unknown}
 E - a +3 ring of protection {unknown}
 H - a cursed -2 ring of protection {unknown}
Wands
 x - a wand of iceblast (12)
 y - a wand of flame (23)
 D - a wand of enslavement (24)
Scrolls
 e - 4 scrolls of remove curse {unknown}
 i - a scroll of amnesia {unknown}
 j - 2 scrolls of immolation {unknown}
 l - a scroll of enchant armour {unknown}
 n - 11 scrolls of identify {unknown}
 v - 4 scrolls of teleportation {unknown}
 z - a scroll of blinking {unknown}
 F - a scroll of magic mapping {unknown}
 I - a scroll of noise {unknown}
 K - 4 scrolls of fear {unknown}
Potions
 f - 4 potions of haste {unknown}
 g - a potion of agility {unknown}
 o - 3 potions of mutation {unknown}
 p - 4 potions of magic
 q - 4 potions of curing {unknown}
 r - 2 potions of flight {unknown}
 w - 3 potions of heal wounds {unknown}
 A - a potion of degeneration {unknown}
 C - a potion of resistance {unknown}
Comestibles
 c - 15 rations


   Skills:
 - Level 2.0 Slings
 - Level 2.4 Dodging
 - Level 2.4 Stealth
 - Level 11.0 Spellcasting
 - Level 10.0 Conjurations
 * Level 6.2 Translocations


You had 19 spell levels left.
You knew the following spells:

 Your Spells              Type           Power        Failure   Level  Hunger
a - Magic Dart            Conj           ####         1%          1    None
b - Iskenderun's Mystic   Conj           ######..     1%          4    None
c - Searing Ray           Conj           ######       1%          2    None
d - Force Lance           Conj/Tloc      ######..     1%          4    None

Your spell library contained the following spells:

 Spells                   Type           Power        Failure   Level  Hunger
 Cause Fear               Hex            ##........   43%         4    None
 Slow                     Hex            ##......     7%          2    None
 Confuse                  Hex            ##......     14%         3    None
 Tukima's Dance           Hex            ##......     14%         3    None
 Ensorcelled Hibernation  Hex/Ice        ##....       7%          2    None
 Corona                   Hex            ##.....      4%          1    None
 Portal Projectile        Hex/Tloc       ####..       4%          3    None
 Leda's Liquefaction      Hex/Erth       ##........   43%         4    None
 Inner Flame              Hex/Fire       ##......     14%         3    None
 Fulminant Prism          Conj/Hex       #####.....   6%          4    None
 Dazzling Spray           Conj/Hex       #####.       1%          3    None


Dungeon Overview and Level Annotations

Branches:
Dungeon (9/15)             Temple (1/1) D:7
   Lair: D:8-11         Orc: D:9-12

Altars:
Dithmenos
Elyvilon
Kikubaaqudgha
Makhleb
Okawaru
Ru
Uskayaw
Vehumet
Wu Jian
Xom
Zin
The Shining One

Shops:
D:7 :


Message History

Aim: a killer bee (lightly wounded)
You shoot a sling bullet. The sling bullet misses the killer bee.
A killer bee comes into view.
The killer bee stings you! The killer bee stings you.
You are more poisoned.
The killer bee poisons you!
A killer bee comes into view.
The killer bee completely misses you. The killer bee stings you.
You feel sick. The killer bee stings you.
* * * LOW HITPOINT WARNING * * *
The killer bee stings you!
* * * LOW HITPOINT WARNING * * *
You are more poisoned.
The killer bee poisons you! The killer bee closely misses you. x2
You climb upwards.
* * * LOW HITPOINT WARNING * * *
You feel sick.
There is a stone staircase leading down here.
It was a potion of magic.
Magic courses through your body.
You die...

......###.<.......####
#####
..................#
..................#
....#.............#
..................#
..................#
..................#
........##......y.#
........#######.@##
.........## #y##
##........## #.#
.#.........####.#
8#.......#..#...#
.#.......#....######
.#......##.........#
8#.......##..#######
.#.......##..#


You could see 2 killer bees.

Vanquished Creatures
  A spriggan (D:7)
  Duvessa (D:7)
  An orc warrior (D:6)
  2 necrophages (D:7)
  3 phantoms
  An ogre (D:7)
  3 centaurs
  3 bullfrogs
  2 big kobolds
  3 scorpions
  Dowan (D:7)
  2 wights (D:7)
  2 howler monkeys
  A bullfrog zombie (D:7)
  2 crimson imps
  A quasit (D:8)
  3 jellies
  2 orc priests
  A bullfrog skeleton (D:4)
  4 hounds
  Crazy Yiuf (D:2)
  A centaur skeleton (D:5)
  3 iguanas
  Ijyb (D:5)
  4 orc wizards
  6 worker ants
  A killer bee zombie (D:8)
  2 hound zombies
  A hound skeleton (D:4)
  A howler monkey zombie (D:6)
  4 worker ant zombies
  12 adders
  A shadow imp (D:5)
  An ooze (D:1)
  2 adder skeletons
  A dart slug (D:1)
  7 leopard geckos
  31 orcs
  A bat zombie (D:6)
  2 giant cockroaches (D:1)
  7 goblins
  3 hobgoblins
  15 jackals
  14 kobolds
  2 quokkas
  3 ball pythons
  7 bats
  7 frilled lizards
  A giant cockroach zombie (D:6)
  A leopard gecko skeleton (D:6)
  A quokka zombie (D:8)
  7 rats
  A rat zombie (D:6)
191 creatures vanquished.

Notes
Turn   | Place    | Note
-------+----------+-------------------------------------------
     0 | D:1      | Hebeh the Deep Elf Conjurer began the quest for the Orb.
     0 | D:1      | Reached XP level 1. HP: 10/10 MP: 6/6
   177 | D:1      | Reached XP level 2. HP: 15/15 MP: 4/8
   752 | D:1      | Reached skill level 4 in Spellcasting
  1200 | D:2      | Found a runed door.
  1217 | D:2      | Reached XP level 3. HP: 19/19 MP: 8/10
  1221 | D:2      | Learned a level 2 spell: Searing Ray
  1270 | D:2      | Reached skill level 5 in Conjurations
  2153 | D:2      | Found a glowing golden altar of the Shining One.
  2591 | D:2      | Noticed Crazy Yiuf
  2594 | D:2      | Killed Crazy Yiuf
  2594 | D:2      | Reached XP level 4. HP: 24/24 MP: 8/12
  2600 | D:2      | Learned a level 4 spell: Iskenderun's Mystic Blast
  2605 | D:2      | Learned a level 4 spell: Force Lance
  2735 | D:3      | Reached skill level 5 in Spellcasting
  2749 | D:3      | Reached XP level 5. HP: 25/28 MP: 3/14
  3602 | D:3      | Found a burning altar of Makhleb.
  4093 | D:4      | Reached skill level 6 in Spellcasting
  4183 | D:4      | Reached XP level 6. HP: 32/32 MP: 5/17
  4868 | D:4      | Reached skill level 7 in Spellcasting
  4980 | D:5      | Entered Level 5 of the Dungeon
  4988 | D:5      | Reached XP level 7. HP: 24/36 MP: 12/20
  5398 | D:5      | Reached skill level 8 in Spellcasting
  6258 | D:5      | Reached skill level 9 in Spellcasting
  6326 | D:5      | Noticed Ijyb
  6329 | D:5      | Killed Ijyb
  6421 | D:5      | Reached XP level 8. HP: 41/41 MP: 20/23
  8260 | D:6      | Reached skill level 1 in Slings
  8953 | D:6      | Found an ancient bone altar of Kikubaaqudgha.
  9018 | D:6      | Reached skill level 10 in Spellcasting
 10035 | D:7      | Noticed Dowan
 10036 | D:7      | Reached XP level 9. HP: 45/45 MP: 16/25
 10056 | D:7      | Killed Dowan
 10064 | D:7      | Noticed Duvessa
 10067 | D:7      | Killed Duvessa
 10067 | D:7      | Reached skill level 11 in Spellcasting
 10067 | D:7      | Reached skill level 10 in Conjurations
 10186 | D:7      | Reached skill level 1 in Translocations
 10383 | D:7      | Found an ornate altar of the Wu Jian Council.
 10404 | D:7      | Found a staircase to the Ecumenical Temple.
 10410 | Temple   | Entered the Ecumenical Temple
 10442 | Temple   | Became a worshipper of Vehumet
 11130 | D:7      | Found Zamusioj's Book Shop.
 11471 | D:8      | Reached skill level 5 in Translocations
 11826 | D:8      | Found a hide-covered altar of Uskayaw.
 11903 | D:8      | Found a snail-covered altar of Cheibriados.
 11909 | D:8      | Reached * piety under Vehumet
 11909 | D:8      | Offered knowledge of Freeze by Vehumet.
 11912 | D:8      | Found a burning altar of Makhleb.
 11912 | D:8      | Found a shimmering altar of Xom.
 11915 | D:8      | Found an iron altar of Okawaru.
 11915 | D:8      | Found an ornate altar of the Wu Jian Council.
 11915 | D:8      | Found a glowing silver altar of Zin.
 11961 | D:8      | HP: 1/45 [poisoned by a killer bee]
 11962 | D:8      | Succumbed to a killer bee's poison

Vault maps used:
D:1:      elethiomel_arrival_shortcut
D:2:      first_ration, nicolae_tso_carved_into_rock, uniq_crazy_yiuf_cottage
D:3:      lemuel_doored_altar
D:5:      minivault_5, st_stairs_11, uniq_ijyb
D:6:      lemuel_zombie_altar_kikubaaqudgha
D:7:      overflow_temple_1_default, minmay_temple_entry_hall, serial_shops,
          shop, serial_undead, serial_undead_d, serial_undead_c,
          serial_undead_a, serial_undead_b, serial_undead_b, serial_undead_f,
          serial_bayou_ford_a, the_bakery, uniq_duvessa
D:8:      lemuel_crystal_altar, doesnt_xom_only_xom
D:9:      corexii_shack_village, slow_altar_1,
          gammafunk_temple_overflow_elements, serial_shops, shop
Temple:   oiseaux_autumnal_temple

Skill      XL: |  1  2  3  4  5  6  7  8  9 |
---------------+----------------------------+-----
Spellcasting   | 4 5 6 7 9 10 11 | 11.0
Conjurations   | 5 6 7 8 9 10 | 10.0
Slings         | 2 |  2.0
Translocations | 6 |  6.2
Dodging        | |  2.4
Stealth        | |  2.4

Action                   |  1- 3 |  4- 6 |  7- 9 || total
-------------------------+-------+-------+-------++-------
Melee: Dagger            |       |       |     7 ||     7
 Fire: Hunting sling     |    21 |    60 |   135 ||   216
 Cast: Magic Dart        |    50 |    29 |    62 ||   141
       Searing Ray       |     1 |    20 |    34 ||    55
       Iskenderun's Myst |       |       |    50 ||    50
  Use: Potion            |       |       |     1 ||     1
  Eat: Chunk             |     4 |     5 |    12 ||    21
       Ration            |       |     1 |     3 ||     4
Armor: Robe              |     1 |     2 |    19 ||    22
Dodge: Dodged            |    15 |    26 |    60 ||   101

Table legend:
 A = Spawn XP
 B = Non-spawn XP
 C = Spawn XP percentage of total XP
 D = Spawn monster count
 E = Non-spawn monster count
 F = Spawn count percentage of total count
 G = Total turns spent on level
                    A         B        C        D         E        F      G
               +---------+---------+-------+---------+---------+-------+---------
         Total |       0 |    4312 |   0.0 |       0 |     191 |   0.0 | 11962
               +---------+---------+-------+---------+---------+-------+---------
           D:1 |       0 |      38 |   0.0 |       0 |      20 |   0.0 |  1160
           D:2 |       0 |      80 |   0.0 |       0 |      18 |   0.0 |  1503
           D:3 |       0 |     160 |   0.0 |       0 |      29 |   0.0 |  1305
           D:4 |       0 |     498 |   0.0 |       0 |      24 |   0.0 |  1629
           D:5 |       0 |     873 |   0.0 |       0 |      32 |   0.0 |  2424
           D:6 |       0 |     545 |   0.0 |       0 |      22 |   0.0 |  1343
           D:7 |       0 |    1472 |   0.0 |       0 |      27 |   0.0 |  1775
           D:8 |       0 |     646 |   0.0 |       0 |      19 |   0.0 |   753
               +---------+---------+-------+---------+---------+-------+---------
